Freya, chaotic female orcish Ranger # ------- -|------- |.....| |.......| #......|########%.*.....| #|......# |.>%....| #-------# |..\....| #### `## ------|-- @ # # k # ### # # d # ### # # # ## # -----|----- ### |.........| # |%%)......| ##...%<.....| ----------- Freya the Lookout Experience level: 5 Strength: 16 Dexterity: 11 Constitution: 13 Intelligence: 15 Wisdom: 13 Charisma: 7 Health: 0(52) Energy: 21(21) Def: 6 Gold: 943 Moves: 2294 Dungeon seed: bB_QAb5DalHnDj2M Game ID: Freya_1616224526 Your Inventory: Coins $ - 943 gold pieces Weapons a - an uncursed +1 orcish dagger (weapon in hand) b - an uncursed +1 orcish bow (alternate weapon; not wielded) c - 49 uncursed +2 orcish arrows (in quiver) d - 42 uncursed +0 orcish arrows B - an uncursed +0 arrow C - 44 uncursed +0 arrows of detonation S - a cursed -2 orcish dagger Armor e - an uncursed +2 cloak of displacement (being worn) n - an uncursed +0 large shield (being worn) q - an uncursed +0 orcish helm (being worn) r - a cursed -1 orcish helm Comestibles f - 6 uncursed cram rations h - 5 uncursed food rations Scrolls L - an uncursed scroll of blank paper Spellbooks J - an uncursed spellbook of summoning Potions I - an uncursed potion of water R - an uncursed potion of sleeping Rings T - an uncursed ring of invisibility Wands m - an uncursed wand of magic missile (0:7) o - an uncursed wand of cancellation (0:4) M - an uncursed wand of magic missile (0:7) Q - an uncursed wand of teleportation (0:5) U - an uncursed wand of light (0:14) Tools l - an uncursed lock pick Spells and supernatural/magical abilities: Name Level Category Cost Memory W - pray for help -- divine ? -- Your skills at the end: Fighting Skills wands [Basic] Weapon Skills dagger [Basic] bow [Basic] Spellcasting Skills Final Attributes: You were piously aligned. You were immune to poison. You had automatic searching. You had infravision. You were displaced. Mars was noncommittal. You are dead. Vanquished creatures: 5 bugbears an orc shaman a rock mole 2 gnome lords a little dog a kobold lord a kobold shaman a hill orc a rabid rat a werejackal a coyote a gas spore 6 hobgoblins a cave spider 2 gnomes a gecko 4 jackals a fox 2 goblins 4 sewer rats 7 grid bugs 3 lichens 5 newts 53 creatures vanquished. Voluntary challenges: You had been an atheist until turn 1842. You used a wielded weapon 95 times, starting on turn 84. You read items or engraved 2 times, starting on turn 1719. You never genocided any monsters. You never polymorphed an object. You never changed form. You used no wishes. You never split a pudding. You wrote Elbereth's name 2 times, starting on turn 1719. You never violated your personal moral code. Dungeon overview: The Dungeons of Doom: levels 1 to 6 Level 1 a fountain a long staircase Level 2 some fountains Level 3 a scroll shop, a sink, a vault Level 4 a vault stairs to The Gnomish Mines Level 5 a potion shop, an altar to Mars, a vault Level 6 <- You were here a throne The Gnomish Mines: Level 5 stairs to The Dungeons of Doom History has recorded: On T:1 you entered the Dungeons of Doom to retrieve the Amulet of Yendor! On T:20 you reached level 2 of The Dungeons of Doom. On T:649 you advanced to experience level 2. On T:797 you reached level 3 of The Dungeons of Doom. On T:821 you reached level 4 of The Dungeons of Doom. On T:1109 you advanced to experience level 3. On T:1336 you reached level 1 of The Gnomish Mines. On T:1564 you reached level 5 of The Dungeons of Doom. On T:1620 you reached level 6 of The Dungeons of Doom. On T:1759 you advanced to experience level 4. On T:2067 you advanced to experience level 5. Score breakdown: Gold: 943 (10119 points) Experience: 5 levels (11141 points) Exploration: 6 levels ( 12.50%) ( 9784 points) Discoveries: 3 items ( 1.02%) ( 3035 points) Valuables value: (no points given unless you survive) Artifact value: 0 ( 0 points) Variety of kills: 23 monsters ( 6.05%) ( 7380 points) Turncount: 2294 turns ( -203 points) Survival: died (score multiplied by 80%) Total score: 33004 Latest messages: This door is locked. You succeed in picking the lock. The door opens. You see here a green gem. There are a few objects here. There are several objects here. You see here a crossbow bolt. You see here a female gnome corpse. There are a few objects here. The kobold shaman casts a spell! You stop running. The force bolt hits you! You hit the kobold shaman! You miss the kobold shaman. The kobold shaman casts a spell! The force bolt hits you! You miss the kobold shaman. You hit the kobold shaman. The kobold shaman turns to flee! The gnomish wizard casts a spell! The force bolt hits you! You hit the kobold shaman. (2x) The kobold shaman casts a spell! The force bolt hits you! You die... For some reason, you think that you can almost hear the Wizard laugh manically... Final status: Goodbye Freya the Ranger, killed by a kobold shaman's force bolt... You died in The Dungeons of Doom on dungeon level 6 with 33004 points, and 943 pieces of gold, after 2294 moves. You were level 5 with a maximum of 52 hit points when you died.